 Dungeon Crawl Stone Soup version 0.31-a0-1074-g0b22e4e0f1 (webtiles) character file.

Game seed: 3528993439893481027

10679 grandjackal the Thaumaturge (level 11, -2/54 HPs)
             Began as a Deep Elf Conjurer on Dec 3, 2023.
             Was a Believer of Sif Muna.
             Killed from afar by a gargoyle (17 damage)
             ... with a stone arrow
             ... on level 10 of the Dungeon.
             The game lasted 00:20:14 (12091 turns).

grandjackal the Thaumaturge (Deep Elf Conjurer)    Turns: 12091, Time: 00:20:15

Health: -2/54      AC: 14    Str:  4    XL:     11   Next: 39%
Magic:  12/29      EV: 10    Int: 28    God:    Sif Muna [**....]
Gold:   455        SH:  0    Dex: 13    Spells: 22/35 levels left

rFire   + . .        G - +3 trident (drain)
rCold   . . .        (no shield)
rNeg    . . .        O - +0 acid dragon scales
rPois   .            t - +0 helmet
rElec   .            L - +0 cloak
rCorr   +            p - +1 pair of gloves
SInv    .            (no boots)
Will    +....        w - amulet of regeneration
Stlth   ++           h - +4 ring of protection
HPRegen 1.09/turn    r - ring of protection from fire
MPRegen 0.21/turn

%: no passive effects
@: studying Poison Magic
A: no striking features
a: Renounce Religion, Channel Magic


You were on level 10 of the Dungeon.
You worshipped Sif Muna.
Sif Muna was pleased with you.
You visited 2 branches of the dungeon, and saw 11 of its levels.

You collected 474 gold pieces.
You spent 19 gold pieces at shops.

Inventory:

Hand Weapons
 G - a +3 trident of draining (weapon)
Missiles
 c - 3 throwing nets (quivered)
Armour
 a - a +0 robe
 p - a +1 pair of gloves (worn)
 t - a +0 helmet (worn)
 L - a +0 cloak (worn)
 O - +0 acid dragon scales (worn)
Jewellery
 h - a +4 ring of protection (left hand)
 r - a ring of protection from fire (right hand)
 w - an amulet of regeneration (around neck)
 D - a ring of resist corrosion
Wands
 B - a wand of flame (18)
 F - a wand of mindburst (25)
 N - a wand of charming (9)
Scrolls
 g - 2 scrolls of revelation {unknown}
 j - 2 scrolls of poison
 k - 2 scrolls of amnesia
 u - 4 scrolls of teleportation
 y - a scroll of fog
 A - 2 scrolls of vulnerability
 H - a scroll of enchant weapon {unknown}
 I - a scroll of enchant armour {unknown}
 J - 2 scrolls of noise {unknown}
 K - a scroll of silence {unknown}
 M - a scroll of immolation
 P - a scroll of brand weapon {unknown}
Potions
 b - 2 potions of magic
 d - 3 potions of invisibility {unknown}
 e - 4 potions of enlightenment
 f - 2 potions of heal wounds
 i - 2 potions of resistance
 l - 2 potions of curing
 m - 4 potions of brilliance
 n - a potion of ambrosia {unknown}
 o - 4 potions of mutation
 q - 3 potions of might
 v - a potion of degeneration
 x - a potion of lignification
 z - a potion of haste {unknown}
 C - a potion of cancellation
 E - a potion of attraction {unknown}
Miscellaneous
 s - a box of beasts


   Skills:
 - Level 2.4 Dodging
 - Level 2.4 Stealth
 + Level 12.6 Spellcasting
 - Level 11.0 Conjurations
 - Level 5.0 Hexes
 - Level 5.3 Translocations
 + Level 9.8 Poison Magic
 + Level 2.3 Invocations
 + Level 9.0 Evocations


You had 22 spell levels left.
You knew the following spells:

 Your Spells              Type           Power      Damage    Failure   Level
b - Searing Ray           Conj           100%       2d8       1%          2
c - Dazzling Flash        Conj/Hex       100%       N/A       1%          3
d - Fulminant Prism       Conj/Hex       29%        3d14      2%          4
e - Iskenderun's Mystic   Conj/Tloc      59%        2d12      2%          4

Your spell library contained the following spells:

 Spells                   Type           Power      Damage    Failure   Level
 Magic Dart               Conj           100%       1d8       1%          1
 Sigil of Binding         Hex            45%        N/A       2%          3
 Dimensional Bullseye     Hex/Tloc       23%        N/A       9%          4
 Call Canine Familiar     Summ           17%        N/A       22%         3
 Leda's Liquefaction      Hex/Erth       15%        N/A       26%         4


Dungeon Overview and Level Annotations

Branches:
Dungeon (10/15)            Temple (1/1) D:7            Lair (0/5) D:8
    Orc (0/2) D:10

Altars:
Ashenzari
Cheibriados
Dithmenos
Elyvilon
Fedhas
Gozag
Hepliaklqana
Kikubaaqudgha
Makhleb
Nemelex Xobeh
Okawaru
Qazlal
Ru
Sif Muna
Trog
Uskayaw
Vehumet
Wu Jian
Xom
Yredelemnul
Zin
The Shining One

Shops:
D:8 *   D:10 (

Annotations:
D:9 1 runed translucent door, Pooter's ghost, novice MiBe
D:10 1 transporter


Message History

A gargoyle is nearby!
Casting: Searing Ray (safe; 1% risk of failure)
Confirm with . or Enter, or press ? or * to list all spells.
You can't see any susceptible monsters within range! (Use Z to cast anyway.)
Casting: Searing Ray (safe; 1% risk of failure)
Confirm with . or Enter, or press ? or * to list all spells.
Aiming: Fulminant Prism (dangerous; 2% risk of failure)
Press: ? - help, Dir - move target You conjure a prism of explosive energy!
A fulminant prism comes into view.
The gargoyle hurls a stone arrow at you.
The stone arrow hits you!
Your fulminant prism crackles loudly.
Casting: Fulminant Prism (dangerous; 2% risk of failure)
Confirm with . or Enter, or press ? or * to list all spells.
Aiming: Searing Ray (safe; 1% risk of failure)
Press: ? - help, Shift-Dir - straight line, f - gargoyle
Aim: a gargoyle, wielding a +0 mace (ally target, 92% to hit)
The searing ray misses the gargoyle. (Press . to maintain the ray.)
Your fulminant prism explodes!
The blast of energy engulfs the gargoyle!!
The gargoyle is severely damaged.
Unknown command.
The searing ray hits the gargoyle.
The gargoyle is almost destroyed.
The gargoyle hurls a stone arrow at you.
The stone arrow hits you!!
Ouch! That really hurt!
* * * LOW HITPOINT WARNING * * *
The searing ray hits the gargoyle but does no damage.
The gargoyle is almost destroyed.
The gargoyle hurls a stone arrow at you.
The stone arrow misses you.
The searing ray hits the gargoyle but does no damage.
The gargoyle is almost destroyed.
You finish channelling your searing ray.
The gargoyle hurls a stone arrow at you.
The stone arrow hits you!
You die...

.#............ ..................
)#.........................†#####
.#...............########...#....
##...............+......#...#....
.................#......#...#....
.................#.[....#...#....
....))...........##†#####...#####
..................)..............
....)........9..@...###.......<..
....................# ######.....
....................# #.....
....................# #.....
########............# #.....
####....###### #..... ######
######


You could see a gargoyle.

Vanquished Creatures
  A boulder beetle (D:9)
  Pikel (D:6)
  An elephant (D:8)
  Maggie (D:8)
  A gargoyle (D:10)
  Jeremiah (D:6)
  A komodo dragon (D:8)
  An unseen horror zombie (D:9)
  16 yaks
  Sigmund (D:5)
  2 wyverns
  Eustachio (D:6)
  Menkaure (D:6)
  Edmund (D:6)
  3 water moccasins
  An acid dragon (D:8)
  2 ice beasts
  A black bear (D:5)
  5 orc warriors
  3 sky beasts
  4 ogres
  5 centaurs
  A lemure (D:6)
  2 kobold brigands
  2 scorpions
  8 bullfrogs
  Blork the orc (D:5)
  4 wights (D:9)
  4 killer bees (D:9)
  6 howler monkeys
  4 centaur zombies (D:9)
  A jelly (D:8)
  An orc priest (D:4)
  Crazy Yiuf (D:6)
  2 gnoll boudas
  3 hounds
  A sleepcap (D:5)
  5 iguanas
  Ijyb (D:5)
  10 orc wizards
  A killer bee zombie (D:9)
  A howler monkey zombie (D:9)
  21 gnolls
  4 adders
  2 shadow imps
  2 white imps (D:7)
  2 worms
  4 dart slugs
  26 orcs
  5 ball pythons
  7 bats
  13 endoplasms
  4 giant cockroaches
  6 goblins
  11 hobgoblins
  16 kobolds
  3 quokkas
  5 frilled lizards
  8 rats
252 creatures vanquished.

Vanquished Creatures (others)
  15 fulminant prisms
15 creatures vanquished.

Grand Total: 267 creatures vanquished

Notes
Turn   | Place    | Note
-------+----------+-------------------------------------------
     0 | D:1      | grandjackal the Deep Elf Conjurer began the quest for the
                  | Orb.
     0 | D:1      | Reached XP level 1. HP: 10/10 MP: 6/6
   123 | D:1      | Reached XP level 2. HP: 15/15 MP: 2/8
   684 | D:1      | Reached skill level 4 in Spellcasting
   942 | D:1      | Learned a level 2 spell: Searing Ray
  1034 | D:2      | Reached skill level 5 in Conjurations
  1034 | D:2      | Reached XP level 3. HP: 19/19 MP: 8/10
  1082 | D:2      | Learned a level 3 spell: Dazzling Flash
  1292 | D:2      | Reached skill level 1 in Hexes
  1603 | D:2      | Reached XP level 4. HP: 24/24 MP: 7/12
  2104 | D:2      | Learned a level 4 spell: Fulminant Prism
  2615 | D:3      | Reached skill level 5 in Spellcasting
  2617 | D:3      | Reached XP level 5. HP: 28/28 MP: 4/14
  3298 | D:3      | Learned a level 4 spell: Iskenderun's Mystic Blast
  3924 | D:4      | Reached skill level 1 in Translocations
  4100 | D:5      | Entered Level 5 of the Dungeon
  4107 | D:5      | Reached XP level 6. HP: 32/32 MP: 7/16
  4180 | D:5      | Noticed Blork the orc
  4189 | D:5      | Killed Blork the orc
  4285 | D:5      | Reached skill level 6 in Spellcasting
  4370 | D:5      | Noticed Sigmund
  4374 | D:5      | Killed Sigmund
  4375 | D:5      | Reached XP level 7. HP: 33/36 MP: 12/18
  4810 | D:5      | Identified the beast talisman of Zavobenk {Str+2 Int-2
                  | Dex+5}
  4833 | D:5      | Noticed Ijyb
  4843 | D:5      | Killed Ijyb
  4961 | D:5      | Reached skill level 5 in Hexes
  5048 | D:5      | Reached skill level 1 in Evocations
  5093 | D:5      | Reached skill level 7 in Spellcasting
  5807 | D:5      | Reached XP level 8. HP: 41/41 MP: 12/20
  5958 | D:6      | Identified the +1 pair of boots "Osankaza" {Harm MP+9 Int-3
                  | Dex-2}
  6121 | D:6      | Reached skill level 8 in Spellcasting
  6128 | D:6      | Reached skill level 5 in Translocations
  6138 | D:6      | Noticed Jeremiah
  6144 | D:6      | Noticed Menkaure
  6314 | D:6      | Noticed Edmund
  6321 | D:6      | Killed Edmund
  6407 | D:6      | Killed Menkaure
  6410 | D:6      | Killed Jeremiah
  6411 | D:6      | Reached skill level 9 in Spellcasting
  6411 | D:6      | Reached XP level 9. HP: 45/45 MP: 4/24
  6734 | D:6      | Noticed Pikel
  6743 | D:6      | Killed Pikel
  6744 | D:6      | Reached skill level 5 in Evocations
  6959 | D:6      | Noticed Eustachio
  6967 | D:6      | Killed Eustachio
  6968 | D:6      | Reached skill level 1 in Poison Magic
  7218 | D:6      | Reached skill level 10 in Spellcasting
  7315 | D:6      | Found a runed translucent door.
  7316 | D:6      | Noticed Crazy Yiuf
  7428 | D:6      | Killed Crazy Yiuf
  8051 | D:7      | Reached XP level 10. HP: 31/50 MP: 18/26
  8197 | D:7      | Found a shimmering altar of Xom.
  8210 | D:7      | Found a bloodstained altar of Trog.
  8219 | D:7      | Found a staircase to the Ecumenical Temple.
  8224 | Temple   | Entered the Ecumenical Temple
  8296 | Temple   | Became a worshipper of Sif Muna the Loreminder
  8562 | D:8      | Reached skill level 5 in Poison Magic
  8600 | D:8      | Noticed an elephant
  8621 | D:8      | Noticed Maggie
  8627 | D:8      | Killed Maggie
  8639 | D:8      | Killed an elephant
  8640 | D:8      | Reached skill level 11 in Spellcasting
  8640 | D:8      | Reached skill level 10 in Conjurations
  9336 | D:8      | Found a staircase to the Lair.
  9559 | D:8      | Found Ufech's Assorted Antiques.
  9568 | D:8      | Bought a red potion for 19 gold pieces
  9702 | D:9      | Noticed an occultist
  9702 | D:9      | Noticed Pooter's ghost (novice MiBe)
  9702 | D:9      | Found a runed translucent door.
  9728 | D:9      | Reached * piety under Sif Muna
 10654 | D:9      | Reached ** piety under Sif Muna
 10655 | D:9      | Reached XP level 11. HP: 52/54 MP: 22/28
 10661 | D:9      | Reached skill level 12 in Spellcasting
 10735 | D:9      | Noticed a boulder beetle
 10751 | D:9      | Killed a boulder beetle
 11537 | D:10     | Entered Level 10 of the Dungeon
 11682 | D:10     | Found Noduzx Kyos's Weapon Shoppe.
 11682 | D:10     | Found a staircase to the Orcish Mines.
 11687 | D:10     | Reached skill level 1 in Invocations
 11809 | D:10     | Found a transporter.
 11887 | D:10     | Identified the +1 mace of Zeenufee {antimagic, Drain Will+
                  | Str+2 Int+2}
 12091 | D:10     | Killed from afar by a gargoyle

Illustrated notes

Levels and vault maps discovered:
D:1:      matt_arrival_spirals, layout_basic
D:2:      wad_river_or_something, layout_basic, chequers_serial_rivers_room_b
D:3:      minmay_octagon_keep, layout_loops_ring, eino_tiny_chamber
D:4:      layout_loops_ring
D:5:      layout_layer_cave, uniq_blork_the_orc, uniq_sigmund, uniq_ijyb
D:6:      layout_loops_cross, minmay_manual_mares, uniq_eustachio, uniq_pikel,
          uniq_menkaure, uniq_edmund, uniq_crazy_yiuf_cottage, uniq_jeremiah
D:7:      layout_rooms, mainiacjoe_overflow_big_doors,
          minmay_temple_entry_gardened_gates
D:8:      layout_loops_ring, grunt_lair_entry_orc_guard_hut, serial_shops, shop,
          minmay_misc_feat_square, grunt_tough_drop, uniq_maggie
D:9:      layout_stronghold, serial_undead, serial_undead_e, serial_undead_a,
          serial_undead_c, serial_undead_a, ebering_ghost_inner_flame,
          dk_rats_in_the_wall
D:10:     cheibrodos_statue_roulette, layout_irregular_city, orc_david_3,
          gammafunk_ghost_stat_death
Temple:   mainiacjoe_temple_cubbyholes

Skill      XL: |  1  2  3  4  5  6  7  8  9 10 11 |
---------------+----------------------------------+-----
Spellcasting   | 4 5 6 7 9 10 11 12 | 12.6
Conjurations   | 5 6 7 8 9 10 11 | 11.0
Hexes          | 1 2 3 4 5 |  5.0
Translocations | 1 2 3 5 |  5.3
Evocations     | 2 4 6 8 9 |  9.0
Poison Magic   | 4 8 9 |  9.8
Invocations    | 2 |  2.3
Dodging        | |  2.4
Stealth        | |  2.4

Action                     |  1- 3 |  4- 6 |  7- 9 | 10-12 || total
---------------------------+-------+-------+-------+-------++-------
  Melee: Unarmed           |       |     2 |     7 |       ||     9
         Trident           |       |       |     6 |    12 ||    18
   Cast: Magic Dart        |    74 |    83 |     7 |       ||   164
         Searing Ray       |     1 |    12 |    53 |    67 ||   133
         Fulminant Prism   |       |       |    10 |     5 ||    15
         Iskenderun's Myst |       |       |     6 |    28 ||    34
         Dazzling Flash    |       |       |     1 |       ||     1
  Evoke: Wand              |       |       |     1 |    10 ||    11
    Use: Scroll            |       |     3 |     8 |     2 ||    13
         Potion            |       |       |     4 |       ||     4
   Stab: Distracted        |       |       |     1 |       ||     1
 Armour: Robe              |     6 |    10 |    71 |    12 ||    99
         Acid dragon scale |       |       |       |   117 ||   117
  Dodge: Dodged            |     6 |    12 |    59 |    71 ||   148

Table legend: (Time is in decaauts)
 A = Elapsed time spent in this place.
 B = Non-inter-level travel time spent in this place.
 C = Inter-level travel time spent in this place.
 D = Time resting spent in this place.
 E = Time spent auto-exploring this place.
 F = Levels seen in this place.
 G = Mean time per level.
                   A        B        C        D        E       F      G
               +--------+--------+--------+--------+--------+-----+--------+
         Total |  12107 |  11685 |    422 |   3706 |   6440 |  11 | 1100.6 |
       Dungeon |  11985 |  11649 |    336 |   3706 |   6440 |  10 | 1198.5 |
        Temple |    121 |     36 |     85 |      0 |      0 |   1 |  121.0 |
               +--------+--------+--------+--------+--------+-----+--------+

Top non-repeatable levels by time:
     D:5: 2117 daAuts
     D:8: 1580 daAuts
     D:6: 1524 daAuts
     D:9: 1503 daAuts
     D:2: 1241 daAuts
     D:3: 1132 daAuts
     D:1: 955 daAuts
     D:4: 776 daAuts
     D:7: 596 daAuts
    D:10: 556 daAuts
  Temple: 121 daAuts
